 Dungeon Crawl Stone Soup version 0.14.1-26-g5a19342 (webtiles) character file.

601 Kae the Cleaver (level 7, 0/57 HPs)
             Began as a Hill Orc Fighter on July 31, 2014.
             Was a Follower of Okawaru.
             Killed from afar by Dowan (10 damage)
             ... with a puff of frost
             ... on Level 5 of the Dungeon.
             The game lasted 00:04:30 (3492 turns).

Kae the Cleaver (Hill Orc Fighter)                  Turns: 3492, Time: 00:04:30

HP   0/57        AC 12     Str 21      XL: 7   Next: 20%
MP   2/2         EV  5     Int  8      God: Okawaru [*.....]
Gold 86          SH  0     Dex  8      Spells:  0 memorised,  6 levels left

rFire  . . .     SeeInvis .     i - +4,+1 war axe (antimagic)
rCold  . . .     Clarity  .     n - +1 plate armour
rNeg   . . .     Conserve .     (no shield)
rPois  .         rCorr    .     (helmet restricted)
rElec  .         rRot     .     (no cloak)
SustAb . .       Spirit   .     (no gloves)
rMut   .         Warding  .     (no boots)
Saprov + . .     Stasis   .     (no amulet)
MR     .....                    (no ring)
                                (no ring)

@: not resistant to hostile enchantments, extremely unstealthy
A: horns 1, clumsy 1, herbivore 1, saprovore 1
a: Heroism, Renounce Religion


You were on level 5 of the Dungeon.
You worshipped Okawaru.
Okawaru was aware of your devotion.
You were very hungry.

You visited 2 branches of the dungeon, and saw 6 of its levels.

You collected 188 gold pieces.
You spent 102 gold pieces at shops.

Inventory:

Hand weapons
 a - a +0,+0 war axe
 i - a +4,+1 anti-magic war axe (weapon)
Armour
 b - a +0 scale mail
 n - a +1 plate armour (worn)
Comestibles
 d - 2 meat rations
 p - 2 bread rations
 q - a pear
Scrolls
 c - 5 scrolls of teleportation
 g - 9 scrolls of identify
 j - a scroll of remove curse
 k - a scroll of fear
 u - a scroll of amnesia
Jewellery
 l - a cursed amulet of rage {unknown}
 m - a cursed ring of teleportation {unknown}
 o - a +2 ring of intelligence {unknown}
 v - an uncursed ring of fire {unknown}
Potions
 e - 2 potions of might
 f - a potion of poison {unknown}
 h - a potion of heal wounds
 r - a potion of restore abilities {unknown}
 t - 2 potions of paralysis
 w - a potion of agility {unknown}


   Skills:
 - Level 3.6 Fighting
 + Level 10.0 Axes
 - Level 3.2 Armour
   Level 3.2 Shields


You had 6 spell levels left.
You didn't know any spells.

Dungeon Overview and Level Annotations

Branches:
Dungeon (5/15)             Temple (1/1) D:4

Altars:
Ashenzari
Cheibriados
Elyvilon
Fedhas
Kikubaaqudgha
Makhleb
Nemelex Xobeh
Okawaru
Sif Muna
Trog
Yredelemnul
Zin

Shops:
D:4 **   D:5 !%(

Annotations:
D:5 Dowan, Duvessa


Innate Abilities, Weirdness & Mutations

You can tolerate rotten meat.
You have a pair of small horns on your head.
You are clumsy. (Dex -2)
You digest meat inefficiently.


Message History

You hit Duvessa.
Duvessa is heavily wounded.
Duvessa hits you but does no damage.
You are electrocuted!
* * * LOW HITPOINT WARNING * * *
Dowan falters for a moment.
Duvessa hits you with a short sword of electrocution.
* * * LOW HITPOINT WARNING * * *
You are too injured to fight recklessly!
You are too injured to fight recklessly!
You are too injured to fight recklessly!
Unknown command.
You slash Duvessa! Your headbutt misses Duvessa.
Duvessa is almost dead.
You miss Dowan.
Dowan is moderately wounded.
Duvessa barely misses you.
Dowan says, "My weaknesses are her strengths!"
Dowan gestures at you while chanting. The puff of frost hits you!
You die...

#≈.∩..'.#.∩.#.#
#§#.#≈##....#.#
#≈§≈≈≈##.##...#
#######..#.##.# #######
#.#..#....#... #......
#.#.....###..# #......
#.#.##...##...
#......####.#...#......#
+.....e@.............#..
#..$..e####.#.#.#....(..
#...... ...#.#.#.....#.
#####.#.......#........#
#.############.....# ..
#.....>..# .# #.###.....
. # #..#.# #....#


You could see Duvessa and Dowan.

Vanquished Creatures
  The ghost of Kae the Grappler, an average NaTm (D:4)
  2 giant goldfish zombies (D:2)
  Crazy Yiuf (D:2)
  2 orc priests
  A hound (D:4)
  A centaur skeleton (D:4)
  A worker ant (D:4)
  Ijyb (D:2)
  An adder (D:5)
  2 gnolls (D:4)
  6 worms
  A giant eyeball (D:5)
  4 giant geckos
  An ooze (D:2)
  10 orcs
  3 ball pythons
  10 bats
  3 giant cockroaches
  10 hobgoblins
  7 kobolds
  A quokka (D:4)
  2 giant newts
  8 goblins
  11 rats
90 creatures vanquished.

Notes
Turn   | Place    | Note
--------------------------------------------------------------
     0 | D:1      | Kae, the Hill Orc Fighter, began the quest for the Orb.
     0 | D:1      | Reached XP level 1. HP: 19/19 MP: 1/1
    81 | D:1      | Reached XP level 2. HP: 21/26 MP: 2/2
   184 | D:1      | Reached skill level 4 in Axes
   501 | D:1      | Reached XP level 3. HP: 31/31 MP: 3/3
   723 | D:2      | Noticed Ijyb
   727 | D:2      | Reached skill level 5 in Axes
   744 | D:2      | Killed Ijyb
   794 | D:2      | Reached XP level 4. HP: 39/39 MP: 4/4
   946 | D:2      | Noticed Crazy Yiuf
   957 | D:2      | Killed Crazy Yiuf
   957 | D:2      | Reached skill level 6 in Axes
   962 | D:2      | Gained mutation: You digest meat inefficiently. [potion of mutation]
   962 | D:2      | Gained mutation: You are clumsy. (Dex -2) [potion of mutation]
   962 | D:2      | Gained mutation: You have a pair of small horns on your head. [potion of mutation]
  1522 | D:2      | Reached XP level 5. HP: 31/45 MP: 5/5
  1645 | D:2      | Found a basalt altar of Yredelemnul.
  1665 | D:2      | Reached skill level 7 in Axes
  1908 | D:3      | Reached skill level 8 in Axes
  1922 | D:3      | Reached XP level 6. HP: 48/51 MP: 2/6
  2603 | D:4      | Found a staircase to the Ecumenical Temple.
  2614 | Temple   | Entered the Ecumenical Temple
  2747 | Temple   | Became a worshipper of Warmaster Okawaru
  2788 | D:4      | Noticed Kae's ghost (average NaTm)
  2801 | D:4      | Killed Kae's ghost
  2801 | D:4      | Reached skill level 9 in Axes
  2818 | D:4      | Found Sarchuzi's General Store.
  2853 | D:4      | Bought a potion of heal wounds for 36 gold pieces
  2853 | D:4      | Bought a scroll of identify for 24 gold pieces
  3037 | D:4      | Reached XP level 7. HP: 55/57 MP: 2/7
  3350 | D:4      | Found Rifiawer's General Store.
  3353 | D:4      | Bought a scroll of enchant weapon I for 42 gold pieces
  3362 | D:5      | Entered Level 5 of the Dungeon
  3366 | D:5      | Paralysed by a giant eyeball for 4 turns
  3373 | D:5      | Paralysed by a giant eyeball for 2 turns
  3426 | D:5      | Acquired Okawaru's first power
  3426 | D:5      | Reached skill level 10 in Axes
  3448 | D:5      | Found Veaxteen's Antique Weapon Boutique.
  3465 | D:5      | Found Kuel's Food Emporium.
  3481 | D:5      | Found Xoowi's Distillery.
  3482 | D:5      | Noticed Dowan
  3484 | D:5      | Noticed Duvessa
  3492 | D:5      | Killed from afar by Dowan

Action                   |  1- 3 |  4- 6 |  7- 9 || total
-------------------------+-------+-------+-------++-------
Melee: War axe           |   100 |   177 |    42 ||   319
  Use: Potion            |       |     3 |       ||     3
       Scroll            |       |    10 |     2 ||    12
